 Dungeon Crawl Stone Soup version 0.22.0-2-ge58baed0e8 (webtiles) character file.

840 Jannitor the Slasher (level 7, -1/48 (49) HPs)
             Began as a Vampire Chaos Knight on Aug 13, 2018.
             Slain by a phantom (10 damage)
             ... on level 5 of the Dungeon.
             The game lasted 00:09:20 (8158 turns).

Jannitor the Slasher (Vampire Chaos Knight)         Turns: 8158, Time: 00:09:21

HP:   -1/48 (49)    AC:  2    Str: 13      XL:     7   Next: 67%
MP:   8/8           EV: 14    Int: 15      God:    Xom [*.....]
Gold: 116           SH:  0    Dex: 12 (15) Spells: 6/6 levels left

rFire    + + .     SeeInvis +   a - +0 falchion (chaos)
rCold    + + +     Gourm    .   (no shield)
rNeg     + + .     Faith    .   u - +1 robe {rC+ rF+}
rPois    +         Spirit   .   (no helmet)
rElec    .         Reflect  .   k - scarf {rC+ rF+}
rCorr    .         Harm     .   (no gloves)
MR       +....                  (no boots)
Stlth    ++........             v - amulet of the acrobat
HPRegen  0.08/turn              (no ring)
MPRegen  0.11/turn              n - ring of flight

@: very slightly contaminated, regenerating slowly, invisible
A: fangs 3, see invisible, agile 1, deformed body, frail 1, magic resistance 1,
poison resistance, unbreathing
a: Bat Form, Renounce Religion, Evoke Flight


You were on level 5 of the Dungeon.
You worshipped Xom.
You were a special plaything of Xom.
You were near bloodless.

You visited 2 branches of the dungeon, and saw 6 of its levels.

You collected 221 gold pieces.
You spent 105 gold pieces at shops.

Inventory:

Hand Weapons
 a - a +0 falchion of chaos (weapon)
Armour
 b - a +2 leather armour
 k - a scarf of resistance (worn)
 u - a +1 robe of resistance (worn)
Jewellery
 n - a ring of flight (right hand)
 v - an amulet of the acrobat (around neck)
Wands
 r - a wand of polymorph (9)
 t - a wand of digging (13)
Scrolls
 d - a scroll of identify
 g - a scroll of fog {unknown}
 j - 4 scrolls of teleportation
 o - a scroll of immolation
 q - 3 scrolls of remove curse
Potions
 c - 3 potions of blood
 e - 2 potions of flight
 f - 2 potions of brilliance
 l - 2 potions of heal wounds
 p - 2 potions of curing


   Skills:
 + Level 4.5 Fighting
 + Level 5.1 Long Blades
 - Level 3.3 Armour
 + Level 5.0 Dodging
 + Level 2.2 Evocations


You had 6 spell levels left.
You didn't know any spells.
Your spell library was empty.

Dungeon Overview and Level Annotations

Branches:
Dungeon (5/15)             Temple (1/1) D:4

Altars:
Ashenzari
Cheibriados
Dithmenos
Elyvilon
Fedhas
Gozag
Hepliaklqana
Kikubaaqudgha
Makhleb
Nemelex Xobeh
Okawaru
Qazlal
Ru
Sif Muna
Trog
Uskayaw
Vehumet
Wu Jian
Xom
Yredelemnul
Zin
The Shining One

Shops:
D:4 =*:[


Innate Abilities, Weirdness & Mutations

You heal slowly.
You have razor-sharp teeth.
You have supernaturally acute eyesight. (SInv)
You can survive without breathing.
You are agile. (Dex +2)
Armour fits poorly on your strangely shaped body.
You are frail. (-10% HP)
You are resistant to hostile enchantments. (MR+)
Your system is resistant to poisons. (rPois)


Message History

The phantom is severely damaged.
Xom asks Qazlal to spice things up a little.
You are now a special plaything of Xom.
The phantom hits you!
* * * LOW HITPOINT WARNING * * *
You barely miss the phantom.
The phantom is severely damaged.
You are engulfed in seething chaos.
You fade into invisibility!
You are very lightly contaminated with residual magic.
The phantom misses you.
You closely miss the phantom. You bite the phantom, but do no damage.
The phantom is severely damaged.
The phantom is engulfed in seething chaos.
The phantom closely misses you.
You riposte.
You hit the phantom.
The phantom seems to slow down.
The phantom is almost destroyed.
The phantom is engulfed in seething chaos.
The phantom hits you!
You die...

...# ##.......###.** >..###
#..........#* .....#
##..........#
.....#####..........####
...............##......#
......###....####....#.##
.....####....# #.......#*
.....##.....## ##W.......*
.............###@..##..##**
..#...####...##....#**,**,*
##....# ##....#...# *,*,**
.#..#.#####..####..#**,,**
...##...............#*,,*
#.####................,,*****
#.# #..##........###.##,,,,,*
..# #..........###*,##**,****
#.###........### **,* **,*


You could see a phantom.

Vanquished Creatures
  A water moccasin (D:5)
  An ice beast (D:4)
  A phantom (D:3)
  An ogre (D:4)
  A howler monkey (D:5)
  3 crimson imps
  A quasit (D:4)
  2 orc wizards
  A jelly (D:5)
  An iguana (D:4)
  3 worker ants (D:4)
  A hound skeleton (D:5)
  4 adders
  3 oozes
  A worm (D:2)
  3 dart slugs
  3 leopard geckos
  12 orcs
  3 ball pythons
  3 giant cockroaches
  8 goblins
  13 hobgoblins
  6 jackals
  A quokka (D:5)
  5 bats
  6 frilled lizards
  4 kobolds
  11 rats
103 creatures vanquished.

Vanquished Creatures (others)
  2 slaves (D:4)
  A crimson imp (D:4)
  An orc (D:4)
4 creatures vanquished.

Grand Total: 107 creatures vanquished

Notes
Turn   | Place    | Note
-------+----------+-------------------------------------------
     0 | D:1      | Jannitor the Vampire Chaos Knight began the quest for the Orb.
     0 | D:1      | Reached XP level 1. HP: 17/17 MP: 1/1
    72 | D:1      | XOM: smoke on damage
    76 | D:1      | XOM: silly message
   188 | D:1      | Reached skill level 1 in Armour
   335 | D:1      | XOM: harmless Chrm miscast
   355 | D:1      | Reached XP level 2. HP: 23/23 MP: 2/2
   556 | D:1      | XOM: potion effect (haste)
   564 | D:1      | XOM: silly message
   801 | D:1      | XOM: divination: magic mapping
   878 | D:1      | XOM is BORED!
   878 | D:1      | XOM: summons 1 hostile demon
   879 | D:1      | Noticed a crimson imp
   975 | D:2      | XOM: stealth player
  1024 | D:2      | Reached XP level 3. HP: 26/29 MP: 3/3
  1161 | D:2      | XOM: divination: detect items
  1162 | D:2      | XOM: harmless Fire miscast
  1199 | D:2      | Gained mutation: You are robust. (+10% HP) [potion of mutation]
  1199 | D:2      | Gained mutation: Your system is resistant to poisons. (rPois) [potion of mutation]
  1199 | D:2      | Gained mutation: You are resistant to hostile enchantments. (MR+) [potion of mutation]
  1199 | D:2      | XOM: mild Necr miscast
  1422 | D:2      | XOM: summons 1 hostile demon
  1428 | D:2      | XOM: smoke on damage
  2157 | D:3      | Reached XP level 4. HP: 35/37 MP: 4/4
  2428 | D:3      | XOM: give mutations
  2428 | D:3      | Lost mutation: You are robust. (+10% HP) [Xom's mischief]
  2428 | D:3      | Gained mutation: You are frail. (-10% HP) [Xom's mischief]
  2428 | D:3      | Gained mutation: Armour fits poorly on your strangely shaped body. [Xom's mischief]
  2575 | D:3      | Noticed a phantom
  2578 | D:3      | XOM: enchant monster (good)
  2621 | D:3      | Killed a phantom
  2621 | D:3      | Reached XP level 5. HP: 12/36 MP: 5/5
  2791 | D:3      | XOM: 3-stop teleportation journey
  3186 | D:3      | XOM: harmless Tloc miscast
  3333 | D:4      | Found Imepa's Book Shoppe.
  3355 | D:4      | Found Cafur's Antique Armour Shop.
  3361 | D:4      | XOM: harmless Necr miscast
  3414 | D:4      | Found a shimmering altar of Xom.
  3434 | D:4      | Found Biwnea Upheo's Assorted Antiques.
  3434 | D:4      | Noticed an ogre
  3444 | D:4      | XOM: enchant monster (good)
  3827 | D:4      | Bought a bone wand for 84 gold pieces
  3827 | D:4      | Bought a scroll labeled QAFYIK IPPUE for 21 gold pieces
  3850 | D:4      | Found a staircase to the Ecumenical Temple.
  3859 | Temple   | Entered the Ecumenical Temple
  3984 | Temple   | XOM: noise
  4007 | D:4      | Noticed a slave
  4071 | D:4      | XOM: mild Summ miscast
  4092 | D:4      | Found Medotuh's Jewellery Shop.
  4164 | D:4      | XOM: blink monster(s)
  4237 | D:4      | XOM: silly message
  4268 | D:4      | XOM: harmless Fire miscast
  4276 | D:4      | XOM: 2-stop teleportation journey
  4315 | D:4      | XOM: silly message
  4321 | D:4      | XOM: polymorph crimson imp -> quasit
  4326 | D:4      | XOM: swap monsters
  4327 | D:4      | XOM: noise
  4336 | D:4      | XOM: cleaving
  4355 | D:4      | Reached XP level 6. HP: 21/42 MP: 4/6
  4603 | D:4      | XOM: noise
  5054 | D:4      | Noticed Pikel
  5057 | D:4      | Noticed a slave
  5059 | D:4      | Noticed Pikel
  5059 | D:4      | Pikel changed into Pikel the ice beast
  5060 | D:4      | Noticed a slave
  5066 | D:4      | XOM: harmless Necr miscast
  5069 | D:4      | XOM: smoke on damage
  5073 | D:4      | Killed Pikel the ice beast
  5073 | D:4      | Reached skill level 1 in Evocations
  5083 | D:4      | Noticed a freed slave
  5248 | D:4      | Killed a freed slave
  5285 | D:4      | Killed a freed slave
  5472 | D:4      | Reached XP level 7. HP: 43/47 MP: 8/8
  6279 | D:4      | XOM: give mutation
  6279 | D:4      | Gained mutation: You are agile. (Dex +2) [Xom's mischief]
  6482 | D:5      | Entered Level 5 of the Dungeon
  6857 | D:5      | Noticed Blork the orc
  6862 | D:5      | Noticed Blork
  6862 | D:5      | Blork the orc changed into Blork the ooze
  6867 | D:5      | Killed Blork the ooze
  6898 | D:5      | Noticed Edmund
  6900 | D:5      | XOM: summons 3 hostile demons
  7163 | D:4      | XOM: god gift: 17 gold pieces
  7229 | D:5      | XOM: 5-stop teleportation journey
  7230 | D:5      | Noticed Edmund
  7230 | D:5      | Edmund changed into Edmund the water moccasin
  7232 | D:5      | Killed Edmund the water moccasin
  7232 | D:5      | Reached skill level 5 in Long Blades
  7322 | D:5      | Reached skill level 5 in Dodging
  7539 | D:5      | XOM: blink monster(s)
  7593 | D:5      | XOM: harmless Chrm miscast
  8155 | D:5      | XOM: chaos cloud
  8158 | D:5      | Slain by a phantom

Skill      XL: |  1  2  3  4  5  6  7 |
---------------+----------------------+-----
Armour         | 1 2 3 |  3.3
Fighting       | 3 4 |  4.5
Dodging        | 3 4 5 |  5.0
Long Blades    | 4 5 |  5.1
Evocations     | 1 2 |  2.2

Action                   |  1- 3 |  4- 6 |  7- 9 || total
-------------------------+-------+-------+-------++-------
Melee: Falchion          |   148 |   114 |    88 ||   350
       Bite              |    13 |    16 |     8 ||    37
 Abil: End Transformatio |       |     1 |       ||     1
       Bat Form          |       |     1 |       ||     1
Evoke: Wand              |       |     6 |     7 ||    13
  Use: Potion            |     6 |     8 |     8 ||    22
       Scroll            |       |       |     9 ||     9
 Stab: Sleeping          |     3 |       |     2 ||     5
       Petrified         |       |    10 |       ||    10
       Petrifying        |       |     1 |       ||     1
Armor: Leather armour    |    43 |    21 |       ||    64
       Robe              |       |     2 |    18 ||    20
Dodge: Dodged            |   104 |    62 |    80 ||   246
       Rpst.: Falchion   |    31 |    22 |    22 ||    75
